 Dungeon Crawl Stone Soup version 0.32-a0-953-g508020473e (webtiles) character file.

Game seed: 10932554296550691470

66 retardedninja the Trooper (level 4, -2/37 HPs)
             Began as a Coglin Fighter on Apr 16, 2024.
             Killed by divine providence
             ... invoked by an orc priest
              (16 damage)
             ... on level 3 of the Dungeon.
             The game lasted 00:03:17 (2170 turns).

retardedninja the Trooper (Coglin Fighter)          Turns: 2170, Time: 00:03:17

Health: -2/37      AC:  7    Str: 18    XL:     4   Next: 15%
Magic:  4/4        EV:  8    Int:  7    God:
Gold:   64         SH:  0    Dex: 14    Spells: 3/3 levels left

rFire   . . .        a - +0 war axe {Anneliese}
rCold   . . .        j - +0 mace {Chikashi}
rNeg    . . .        b - +0 scale mail
rPois   .            (no helmet)
rElec   .            (no cloak)
rCorr   .            (no gloves)
SInv    .            e - +0 pair of boots
Will    .....        (amulet unavailable) Stlth
                     (ring unavailable)
HPRegen 0.26/turn    (ring unavailable)
MPRegen 0.09/turn    (no gizmo)

%: no passive effects
@: revving
A: off-hand wielding, slow wielding, warmup strikes, no jewellery
a: Invent Gizmo, Convert to Beogh


You were on level 3 of the Dungeon.
You visited 1 branch of the dungeon, and saw 3 of its levels.

You collected 64 gold pieces.

Inventory:

Hand Weapons
 a - a +0 war axe (weapon) {Anneliese}
 j - a +0 mace (offhand) {Chikashi}
Armour
 b - a +0 scale mail (worn)
 e - a +0 pair of boots (worn)
Scrolls
 c - a scroll of teleportation {unknown}
 g - 3 scrolls of identify {unknown}
 h - 2 scrolls of enchant weapon {unknown}
Potions
 f - a potion of degeneration {unknown}
 k - 2 potions of haste {unknown}


   Skills:
 * Level 3.8 Fighting
 * Level 3.1 Axes
 + Level 3.1 Armour
 - Level 2.1 Shields


You had 3 spell levels left.
You didn't know any spells.
Your spell library contained the following spells:

 Spells                   Type           Power      Damage    Failure   Level
 Ensorcelled Hibernation  Hex/Ice        0%         N/A       91%         2
 Passwall                 Erth           0%         N/A       99%         3
 Swiftness                Air            0%         N/A       99%         3


Dungeon Overview and Level Annotations

Branches:
Dungeon (3/15)

Altars:
Elyvilon


Innate Abilities, Weirdness & Mutations

You can wield a second weapon in your off-hand.
It takes a long time for you to wield or remove held weapons.
Your first few attacks do less damage.
You cannot equip rings or amulets.


Message History

You kill the endoplasm!
You feel a little less mighty now.
You start resting.
HP restored.
You start waiting.
Done waiting.
There is a stone staircase leading down here.
You climb downwards.
There is a stone staircase leading up here.
No target in view!
Key pressed, stopping explore.
Key pressed, stopping explore.
No target in view!
Key pressed, stopping explore.
An orc is nearby!
An orc is nearby!
An orc is nearby!
An orc is nearby!
The orc wizard shouts!
The orc shouts!
The orc shouts!
The orc priest shouts!
You thump the orc with your +0 mace!
You kill the orc!
The orc wizard casts a spell.
The orc wizard flickers and vanishes!
Deactivating autopickup; reactivate with Ctrl-A.
Things that are here:
a +0 whip; an orc corpse You hit the orc with your +0 mace.
The orc is severely wounded.
You closely miss the orc with your +0 war axe.
The orc priest invokes the aid of Beogh against you.
Beogh smites you!
The orc priest mumbles some strange prayers to Beogh against you.
Beogh smites you!
You are too injured to fight recklessly!
You are too injured to fight recklessly!
The orc barely misses you.
The orc priest invokes the aid of Beogh against you.
Beogh smites you!
You die...

##############........#########
#.....................oo†..o...
#.############.######.#########
#.# ######.# #.# #......# #.# #.#
#......## #.# ## #.# #.......#
#.# #. ###.# #######..)o# #.# #.
.##.# #...# #..@.# #.# #.
.##.####...# #.o..# #.# #.
.##.##.....###.o..#####.########.
..#.##.....#......#......{...o)..
..#.##....<#......#.###.########.
.<...+........................>#.
.#####....######+######.#.####.#.
.'...+...... #.#........
.#####....# ..######.##


You could see an orc priest and 2 orcs.

Vanquished Creatures
  A gnoll (D:1)
  2 dart slugs (D:3)
  A ribbon worm (D:2)
  An orc (D:3)
  6 bats
  4 endoplasms
  3 giant cockroaches
  3 goblins
  6 hobgoblins
  A quokka (D:1)
  6 ball pythons
  2 frilled lizards (D:1)
  6 kobolds
  4 rats (D:1)
46 creatures vanquished.

Notes
Turn   | Place    | Note
-------+----------+-------------------------------------------
     0 | D:1      | retardedninja the Coglin Fighter began the quest for the
                  | Orb.
     0 | D:1      | Reached XP level 1. HP: 18/18 MP: 1/1
    87 | D:1      | Reached XP level 2. HP: 20/24 MP: 2/2
   306 | D:1      | Reached XP level 3. HP: 29/29 MP: 3/3
   674 | D:1      | You fall into a shaft and drop 1 floor!
  1537 | D:2      | Found a white marble altar of Elyvilon.
  1760 | D:3      | Reached XP level 4. HP: 37/37 MP: 4/4
  2170 | D:3      | Killed from afar by an orc priest

Illustrated notes

Levels and vault maps discovered:
D:1:      ebering_trefoil_twist, layout_basic
D:2:      layout_basic, basic_altar
D:3:      layout_basic

Skill      XL: |  1  2  3 |
---------------+----------+-----
Armour         | 3 |  3.1
Axes           | 3 |  3.1
Fighting       | |  3.8
Shields        | |  2.1

Action                     |  1- 3 |  4- 6 || total
---------------------------+-------+-------++-------
  Melee: War axe           |    82 |    10 ||    92
         Mace              |    23 |    12 ||    35
    Use: Potion            |       |     3 ||     3
 Armour: Scale mail        |    78 |    18 ||    96
  Dodge: Dodged            |    35 |     3 ||    38

Table legend: (Time is in decaauts)
 A = Elapsed time spent in this place.
 B = Non-inter-level travel time spent in this place.
 C = Inter-level travel time spent in this place.
 D = Time resting spent in this place.
 E = Time spent auto-exploring this place.
 F = Levels seen in this place.
 G = Mean time per level.
                   A        B        C        D        E       F      G
               +--------+--------+--------+--------+--------+-----+--------+
         Total |   2206 |   2143 |     63 |    192 |   1584 |   3 |  735.3 |
       Dungeon |   2206 |   2143 |     63 |    192 |   1584 |   3 |  735.3 |
               +--------+--------+--------+--------+--------+-----+--------+

Top non-repeatable levels by time:
     D:2: 1002 daAuts
     D:1: 995 daAuts
     D:3: 207 daAuts
